 Dungeon Crawl Stone Soup version 0.25.0-1-g7eea58d2a3 (webtiles) character file.

Game seed: 4538505653902334425

6230 Delamore the Bludgeoner (level 10, -3/56 HPs)
             Began as a Gargoyle Fighter on June 13, 2020.
             Was a Priest of Okawaru.
             Slain by a komodo dragon (11 damage)
             ... on level 8 of the Dungeon.
             The game lasted 00:15:11 (10669 turns).

Delamore the Bludgeoner (Gargoyle Fighter)         Turns: 10669, Time: 00:15:12

Health: -3/56      AC: 17    Str: 23    XL:     10   Next: 92%
Magic:  19/19      EV:  7    Int:  9    God:    Okawaru [***...]
Gold:   146        SH:  9    Dex: 11    Spells: 9/9 levels left

rFire    + . .     SeeInvis .   r - +2 flail (vorpal)
rCold    . . .     Gourm    .   c - +0 kite shield
rNeg     + . .     Faith    .   E - +0 scale mail "Coroza" {rF+ Dex+2 Slay+3}
rPois    ∞         Spirit   .   g - +1 helmet
rElec    +         Reflect  .   K - +0 cloak (curse)
rCorr    .         Harm     .   (no gloves)
MR       .....                  (no boots)
Stlth    ..........             (no amulet)
HPRegen  0.18/turn              a - ring of magical power
MPRegen  0.16/turn              (no ring)

@: mighty
A: negative energy resistance 1, electricity resistance, unbreathing,
petrification resistance, rot immunity, AC +7
a: Heroism, Renounce Religion


You were on level 8 of the Dungeon.
You worshipped Okawaru.
Okawaru was most pleased with you.
You were not hungry.

You visited 3 branches of the dungeon, and saw 10 of its levels.
You also visited: Sewer.

You collected 362 gold pieces.
You spent 216 gold pieces at shops.

Inventory:

Hand Weapons
 r - a +2 vorpal flail (weapon)
Missiles
 o - 64 poisoned darts (quivered)
Armour
 c - a +0 kite shield (worn)
 g - a +1 helmet (worn)
 E - the +0 scale mail "Coroza" (worn) {rF+ Dex+2 Slay+3}
   (You bought it in a shop on level 6 of the Dungeon)

   It affects your dexterity (+2).
   It affects your accuracy and damage with ranged weapons and melee attacks
   (+3).
   It protects you from fire.
 K - a cursed +0 cloak (worn)
 L - a +0 pair of boots
Jewellery
 a - a ring of magical power (left hand)
Wands
 u - a wand of flame (47)
 y - a wand of random effects (11)
 D - a wand of paralysis (5)
 J - a wand of polymorph (4)
Scrolls
 b - a scroll of magic mapping {unknown}
 j - a scroll of enchant armour
 p - 2 scrolls of enchant weapon
 s - 5 scrolls of remove curse
 v - 2 scrolls of identify
 w - 2 scrolls of fear {unknown}
 x - 6 scrolls of teleportation
 A - a scroll of fog
 B - a scroll of immolation {unknown}
 G - a scroll of amnesia {unknown}
 H - a scroll of noise {unknown}
Potions
 d - 4 potions of might
 h - 3 potions of degeneration
 i - 3 potions of stabbing
 k - 2 potions of cancellation
 l - 2 potions of haste
 m - a potion of ambrosia
 n - 3 potions of curing {unknown}
 q - 5 potions of brilliance
 t - 4 potions of lignification {unknown}
 z - 3 potions of magic
 C - a potion of flight
 F - a potion of resistance
 I - a potion of berserk rage {unknown}
Comestibles
 f - 10 rations


   Skills:
 * Level 3.2 Fighting
 - Level 15.3 Maces & Flails
 - Level 3.2 Armour
 * Level 3.2 Shields


You had 9 spell levels left.
You didn't know any spells.
Your spell library contained the following spells:

 Spells                   Type           Power        Failure   Level  Hunger
 Pain                     Necr           #...         99%         1    ##.....


Dungeon Overview and Level Annotations

Branches:
Dungeon (8/15)             Temple (1/1) D:7            Lair (1/6) D:8
  Sewer (visited)

Altars:
Ashenzari
Cheibriados
Dithmenos
Elyvilon
Fedhas
Gozag
Hepliaklqana
Kikubaaqudgha
Makhleb
Nemelex Xobeh
Okawaru
Qazlal
Ru
Sif Muna
Trog
Uskayaw
Vehumet
Wu Jian
Xom
Yredelemnul
Zin
The Shining One

Shops:
D:6 [


Innate Abilities, Weirdness & Mutations

You are resistant to torment.
Your stone body is resilient. (AC +7)
You are immune to poison.
You resist negative energy. (rN+)
You are resistant to electric shocks. (rElec)
You can survive without breathing.
You are immune to petrification.
You are immune to rotting.


Message History

Unknown command.
Unknown command.
There is a staircase back to the Dungeon here.
The komodo dragon bites you!!
* * * LOW HITPOINT WARNING * * *
You climb upwards.
Welcome back to the Dungeon!
There is a staircase to the Lair here.
Okay, then.
Evoke which item? (* to show all) (? for menu, Esc to quit)
Aiming: Paralyse
Press: ? - help, Shift-Dir - straight line, f - komodo dragon
Aim: a komodo dragon (moderately wounded, chance to defeat MR: 28%)
Okay, then.
Quiver which item? (- for none, * to show all) (? for menu, Esc to quit)
Okay, then.
Okay, then.
Okay, then.
You feel very mighty all of a sudden. The komodo dragon bites you!
You die...

....#...................#......#.
#...#...................##....###
#...#.......###...###....########
....#.......##.....##....#....#..
....#.......#.......#....#....#..
....#.......#..P....#....#....#..
....#.............P......#....#..
#...#..........l.....>...####'###
#...#...........@.....##.......#.
....#......#...........#.......#.
....+......#...........#.......#.
....#......##....P..#..#.......#.
....#......##.......#..#.......##
....###.....##.....##..#.........
......#.....###...###..#.........
......+...........#....'.........
......#...........######.........


You could see a komodo dragon.

Vanquished Creatures
  Harold (Lair:1)
  Maurice (D:8)
  Joseph (D:8)
  A black mamba (Lair:1)
  Prince Ribbit (D:8)
  2 hippogriffs (D:7)
  Sigmund (D:2)
  Eustachio (D:4)
  3 wargs
  Duvessa (D:4)
  A water moccasin (Lair:1)
  Purgy (Sewer)
  An ice beast (D:6)
  An orc warrior (D:6)
  2 phantoms
  A sky beast (D:8)
  An ogre (D:8)
  A centaur (D:5)
  5 wolves (Lair:1)
  A big kobold (D:5)
  5 bullfrogs
  Dowan (D:4)
  A scorpion (D:7)
  A howler monkey (D:6)
  3 crimson imps
  A bullfrog zombie (D:7)
  2 centaur skeletons
  A centaur zombie (D:6)
  A jelly (D:5)
  4 hounds
  3 orc priests
  5 orc wizards
  A bullfrog skeleton (D:4)
  Jessica (D:3)
  3 iguanas
  Ijyb (D:4)
  Terence (D:2)
  12 worker ants
  Natasha (thrice) (D:3)
  A worker ant zombie (D:3)
  Robin (D:2)
  7 gnolls (D:6)
  10 adders
  2 shadow imps
  3 oozes
  An adder skeleton (D:5)
  An adder zombie (D:6)
  3 worms
  4 leopard geckos
  16 orcs
  8 giant cockroaches
  25 goblins
  14 hobgoblins
  9 jackals
  A quokka (D:6)
  9 ball pythons
  8 bats
  8 frilled lizards
  27 kobolds
  A leopard gecko skeleton (D:6)
  9 rats
  2 plants (D:5)
248 creatures vanquished.

Vanquished Creatures (others)
  2 plants
2 creatures vanquished.

Grand Total: 250 creatures vanquished

Notes
Turn   | Place    | Note
-------+----------+-------------------------------------------
     0 | D:1      | Delamore the Gargoyle Fighter began the quest for the Orb.
     0 | D:1      | Reached XP level 1. HP: 14/14 MP: 1/1
    75 | D:1      | Reached XP level 2. HP: 14/19 MP: 2/2
   321 | D:1      | Reached skill level 3 in Maces & Flails
   550 | D:1      | Reached XP level 3. HP: 23/23 MP: 3/3
   898 | D:2      | Noticed Robin
  1026 | D:1      | Reached skill level 4 in Maces & Flails
  1031 | D:1      | Reached XP level 4. HP: 18/28 MP: 4/4
  1158 | D:2      | Killed Robin
  1217 | D:2      | Noticed Terence
  1241 | D:2      | Killed Terence
  1289 | D:2      | Reached skill level 5 in Maces & Flails
  1371 | D:2      | Reached XP level 5. HP: 31/32 MP: 5/5
  1458 | D:2      | Noticed Sigmund
  1869 | D:2      | Killed Sigmund
  1869 | D:2      | Reached skill level 6 in Maces & Flails
  1869 | D:2      | Reached XP level 6. HP: 25/37 MP: 6/6
  2319 | D:3      | Found an ancient bone altar of Kikubaaqudgha.
  2347 | D:3      | Noticed a phantom
  2375 | D:3      | Killed a phantom
  2375 | D:3      | Reached skill level 7 in Maces & Flails
  2375 | D:3      | Reached XP level 7. HP: 41/41 MP: 7/7
  2395 | D:3      | Found a glowing silver altar of Zin.
  2423 | D:3      | Noticed Jessica
  2431 | D:3      | Killed Jessica
  2933 | D:3      | Noticed Natasha
  2939 | D:3      | Killed Natasha
  3077 | D:3      | Noticed Natasha
  3099 | D:3      | Killed Natasha
  3336 | D:3      | Noticed Natasha
  3346 | D:3      | Killed Natasha
  3346 | D:3      | Reached skill level 8 in Maces & Flails
  3768 | D:4      | Found a hazy altar of Hepliaklqana.
  3930 | D:4      | Noticed Duvessa
  3931 | D:4      | Noticed Dowan
  3973 | D:4      | Killed Duvessa
  3973 | D:4      | Reached skill level 9 in Maces & Flails
  3973 | D:4      | Reached XP level 8. HP: 34/46 MP: 8/8
  3985 | D:4      | Killed Dowan
  4394 | D:4      | Noticed Ijyb
  4421 | D:4      | Killed Ijyb
  4557 | D:4      | Noticed Eustachio
  4579 | D:4      | Killed Eustachio
  4779 | D:5      | Entered Level 5 of the Dungeon
  4805 | D:5      | Reached skill level 10 in Maces & Flails
  4910 | D:5      | Found a glowing drain.
  4928 | Sewer    | Entered a sewer
  5010 | Sewer    | Noticed Purgy
  5025 | Sewer    | Killed Purgy
  5408 | D:5      | Got a faintly glowing leather armour
  5419 | D:5      | Identified the cursed +1 leather armour of Winter {rF-
                  | Str+3} (You found it on level 5 of the Dungeon)
  6065 | D:6      | Reached skill level 11 in Maces & Flails
  6087 | D:6      | Reached XP level 9. HP: 51/51 MP: 9/9
  6258 | D:6      | Found Jeucyora's Antique Armour Boutique.
  6266 | D:6      | Bought a slimy scale mail for 216 gold pieces
  6276 | D:6      | Identified the +0 scale mail "Coroza" {rF+ Dex+2 Slay+3}
                  | (You bought it in a shop on level 6 of the Dungeon)
  6787 | D:6      | Found a bloodstained altar of Trog.
  6893 | D:6      | Reached skill level 12 in Maces & Flails
  7537 | D:7      | Found a staircase to the Ecumenical Temple.
  7552 | Temple   | Entered the Ecumenical Temple
  7950 | Temple   | Became a worshipper of Warmaster Okawaru
  8239 | D:7      | Reached skill level 13 in Maces & Flails
  8317 | D:7      | Reached * piety under Okawaru
  8657 | D:8      | Noticed Joseph
  8673 | D:8      | Killed Joseph
  8673 | D:8      | Reached XP level 10. HP: 49/56 MP: 10/10
  8736 | D:8      | Found a basalt altar of Yredelemnul.
  9062 | D:8      | Found a staircase to the Lair.
  9444 | D:8      | Reached skill level 14 in Maces & Flails
  9484 | D:8      | Noticed Prince Ribbit
  9490 | D:8      | Killed Prince Ribbit
  9579 | D:8      | Noticed Maurice
  9599 | D:8      | Killed Maurice
  9599 | D:8      | Reached ** piety under Okawaru
  9702 | D:8      | Found a radiant altar of Vehumet.
  9706 | D:8      | Found an ancient bone altar of Kikubaaqudgha.
  9707 | D:8      | Found a shimmering blue altar of Sif Muna.
  9712 | D:8      | Identified Kikubaaqudgha's Handbook of Unholy Arts
  9985 | Lair:1   | Entered Level 1 of the Lair of Beasts
 10085 | Lair:1   | Noticed Harold
 10092 | Lair:1   | Killed Harold
 10130 | Lair:1   | Reached skill level 15 in Maces & Flails
 10132 | Lair:1   | Reached *** piety under Okawaru
 10409 | Lair:1   | Noticed a black mamba
 10414 | Lair:1   | Killed a black mamba
 10655 | Lair:1   | HP: 2/56 [crocodile (7)]
 10669 | D:8      | Slain by a komodo dragon

Illustrated notes

Levels and vault maps discovered:
D:1:      scummos_arrival_simple_fountains, layout_loops_ring
D:2:      cheibrodos_greedy_goblins, layout_rooms, minmay_bisected,
          uniq_terence, uniq_sigmund, uniq_robin
D:3:      layout_loops_ring, lemuel_round_altar, first_ration, st_stairs_14,
          lemuel_statue_altar, uniq_jessica, uniq_natasha
D:4:      layout_basic, lemuel_doored_altar, uniq_ijyb, uniq_eustachio,
          uniq_duvessa
D:5:      kennysheep_kobold_camp, layout_basic, portal_sewer_entry_f
D:6:      minmay_evil_eye, layout_loops_corners, serial_shops,
          nicolae_shop_overgrown_old_shop, minmay_misc_feat_iff,
          trog_butcher_becter
D:7:      layout_loops_cross, minmay_temple_entry_slanted
D:8:      layout_gridville, grunt_temple_overflow_magic_moments,
          yredelemnul_altar_generic, erik_lair_orcish_takeover,
          uniq_prince_ribbit1, uniq_maurice, uniq_joseph
Temple:   minmay_temple_bridge_d
Lair:1:   layout_layer_cave, uniq_harold

Skill      XL: |  1  2  3  4  5  6  7  8  9 10 |
---------------+-------------------------------+-----
Maces & Flails | 3 4 5 6 7 9 11 13 15 | 15.3
Fighting       | |  3.2
Armour         | |  3.2
Shields        | |  3.2

Action                   |  1- 3 |  4- 6 |  7- 9 | 10-12 || total
-------------------------+-------+-------+-------+-------++-------
Melee: Flail             |   156 |   137 |   594 |   137 ||  1024
Throw: Dart              |       |       |     3 |       ||     3
Evoke: Wand              |       |       |       |     3 ||     3
  Use: Scroll            |       |     5 |    13 |     1 ||    19
       Potion            |       |       |     2 |     4 ||     6
  Eat: Chunk             |     1 |     4 |    21 |     6 ||    32
Armor: Scale mail        |    93 |    93 |   248 |    75 ||   509
       Skin              |       |       |       |     1 ||     1
Dodge: Dodged            |    65 |    54 |   163 |    43 ||   325
Block: Kite shield       |   102 |    76 |   292 |    90 ||   560
